 Dungeon Crawl Stone Soup version 0.19.1-1-g22dce08 (webtiles) character file.

1156 Khalor the Archer (level 8, 0/66 HPs)
             Began as a Centaur Hunter on Jan 5, 2017.
             Was an Initiate of the Shining One.
             Slain by a killer bee (4 damage)
             ... on level 6 of the Dungeon on Jan 6, 2017.
             The game lasted 01:03:39 (7151 turns).

Khalor the Archer (Centaur Hunter)                  Turns: 7151, Time: 01:03:39

Health: 0/66       AC: 13    Str: 16    XL:     8   Next: 16%
Magic:  8/8        EV:  9    Int: 10    God:    the Shining One [......]
Gold:   280        SH:  3    Dex: 11    Spells: 0 memorised, 7 levels left

rFire  + . .     SeeInvis .     a - +1 shortbow
rCold  . . .     Gourm    .     J - +4 ring mail
rNeg   . . .     Faith    .     (shield currently unavailable)
rPois  .         Spirit   .     A - +0 helmet
rElec  .         Reflect  +     (no cloak)
rCorr  .         Harm     .     O - +0 pair of gloves
MR     .....                    (no barding)
Stlth  ..........               s - +3 amulet of reflection
                                N - ring of protection from fire
                                x - +1 ring of protection

@: lethally poisoned (0 -> -42), about to teleport, glowing, very quick
A: hooves 3, deformed body, speed 2, tough skin 3
a: Renounce Religion


You were on level 6 of the Dungeon.
You worshipped the Shining One.
The Shining One was noncommittal.
You were not hungry.

You visited 2 branches of the dungeon, and saw 8 of its levels.

You collected 280 gold pieces.

Inventory:

Hand Weapons
 a - a +1 shortbow (weapon)
 b - a +0 shortbow
 n - a +0 hunting sling
 t - a +0 dagger
 v - a +2 hand axe of chopping
 P - a +0 long sword
 T - a +3 flail
Missiles
 o - 34 bolts
 z - 30 arrows (quivered)
 E - 11 tomahawks
Armour
 g - a +0 helmet
 y - a +0 chain mail
 A - a +0 helmet (worn)
 J - a +4 ring mail (worn)
 L - a +2 ring mail of magic resistance
 O - a +0 pair of gloves (worn)
Jewellery
 m - a -4 ring of protection
 s - a +3 amulet of reflection (around neck)
 x - a +1 ring of protection (left hand)
 D - a +3 amulet of reflection
 N - a ring of protection from fire (right hand)
 U - an uncursed ring of ice
 Z - an uncursed amulet of magic regeneration
Wands
 V - a wand of acid (1/15)
 X - a wand of polymorph (12/24)
Scrolls
 c - a scroll of blinking {unknown}
 e - 2 scrolls of immolation {unknown}
 h - a scroll of amnesia
 i - a scroll of enchant weapon {unknown}
 k - 4 scrolls of remove curse
 u - 2 scrolls of teleportation
 C - a scroll of magic mapping {unknown}
 I - 2 scrolls of identify
 K - a scroll of fear {unknown}
 W - a scroll of vulnerability {unknown}
Potions
 l - 4 potions of curing
 w - 2 potions of berserk rage
 G - a potion of brilliance
 M - a potion of flight {unknown}
 S - a potion of heal wounds {unknown}
 Y - a potion of lignification {unknown}
Books
 R - a book of Maledictions

   Spells                             Type                      Level
   a - Corona                         Hexes                        1
   b - Ensorcelled Hibernation        Hexes/Ice                    2
   c - Confuse                        Hexes                        3
   d - Tukima's Dance                 Hexes                        3
   e - Dazzling Spray                 Conjuration/Hexes            3
Comestibles
 d - a beef jerky
 f - 5 bread rations
 q - a slice of pizza
 B - a meat ration
 H - 5 fruits


   Skills:
 + Level 4.2 Fighting
 + Level 0.3 Axes
 + Level 11.4 Bows
 + Level 0.7 Throwing
 + Level 1.9 Armour
 + Level 2.0 Dodging
 + Level 1.0 Stealth


You had 7 spell levels left.
You didn't know any spells.

Dungeon Overview and Level Annotations

Branches:
Dungeon (7/15)             Temple (1/1) D:6

Altars:
Ashenzari
Cheibriados
Dithmenos
Elyvilon
Gozag
Hepliaklqana
Kikubaaqudgha
Makhleb
Nemelex Xobeh
Qazlal
Sif Muna
Uskayaw
Vehumet
Xom
Zin
The Shining One

Shops:
D:5 %


Innate Abilities, Weirdness & Mutations

You have hooves in place of feet.
Armour fits poorly on your strangely shaped body.
You cover ground very quickly.
You have extremely tough skin. (AC +3)


Message History

You feel strangely unstable.
* * * LOW HITPOINT WARNING * * *
You feel very sick.
The killer bee stings you but does no damage.
The killer bee closely misses you.
The killer bee stings you but does no damage.
The killer bee closely misses you.
* * * LOW HITPOINT WARNING * * *
You feel sick.
The killer bee stings you but does no damage.
The killer bee stings you.
* * * LOW HITPOINT WARNING * * *
The killer bee stings you.
* * * LOW HITPOINT WARNING * * *
You are more poisoned.
The killer bee poisons you! The killer bee closely misses you.
* * * LOW HITPOINT WARNING * * *
You feel very sick. The killer bee stings you.
You die...

#...........##+### #...#
..........#.##(# #...# ###
#.........#.##.# #...# #..
#.........#..#.# #...# #..
#.........##.#.# #...# #..
#.....(...##.#.# #...# #..
#.........##...##########...# #..
#.......>.#...(.............###..
#.........#...>y@................
#.........#....y..........#####..
#.........#...............# #..
#.........#...............# #####
#.........#..............^# #....
#.........#...............# #....
..........#...............# #....
....#######...............# #####
..).# #...............#


You could see 2 killer bees.

Vanquished Creatures
  An ice beast (D:6)
  2 ogres
  A centaur (D:6)
  A scorpion (D:5)
  2 howler monkeys
  2 crimson imps
  3 orc wizards
  3 orc priests
  A bullfrog skeleton (D:4)
  Terence (D:3)
  2 iguanas (D:5)
  Ijyb (D:3)
  Natasha (thrice) (D:2)
  2 worker ants
  A killer bee zombie (D:5)
  3 adders
  4 shadow imps
  2 oozes
  An adder skeleton (D:5)
  2 worms
  4 dart slugs
  2 leopard geckos
  15 orcs
  5 bats
  5 giant cockroaches
  6 goblins
  13 hobgoblins
  2 kobolds
  4 quokkas
  2 frilled lizards
  A quokka zombie (D:6)
  2 rats
99 creatures vanquished.

Notes
Turn   | Place    | Note
-------+----------+-------------------------------------------
     0 | D:1      | Khalor the Centaur Hunter began the quest for the Orb.
     0 | D:1      | Reached XP level 1. HP: 17/17 MP: 1/1
   479 | D:1      | Reached XP level 2. HP: 19/24 MP: 2/2
   746 | D:1      | Reached skill level 6 in Bows
  1190 | D:2      | Reached XP level 3. HP: 30/30 MP: 3/3
  1422 | D:2      | Noticed Natasha
  1429 | D:2      | Killed Natasha
  1429 | D:2      | Reached skill level 7 in Bows
  1429 | D:2      | Reached XP level 4. HP: 33/37 MP: 4/4
  1454 | D:2      | Noticed Natasha
  1461 | D:2      | Killed Natasha
  1735 | D:2      | Noticed Natasha
  1751 | D:2      | Killed Natasha
  2187 | D:2      | Reached XP level 5. HP: 38/42 MP: 5/5
  2381 | D:3      | Found a hide-covered altar of Uskayaw.
  2638 | D:3      | Noticed Terence
  2654 | D:3      | Killed Terence
  2700 | D:3      | Reached skill level 8 in Bows
  2937 | D:3      | Noticed Ijyb
  2947 | D:3      | Killed Ijyb
  3599 | D:4      | Reached XP level 6. HP: 43/51 MP: 6/6
  3611 | D:4      | Reached skill level 9 in Bows
  3611 | D:4      | Reached skill level 1 in Armour
  4033 | D:4      | Found a glowing silver altar of Zin.
  4055 | D:4      | Reached XP level 7. HP: 46/57 MP: 7/7
  4603 | D:4      | Found a radiant altar of Vehumet.
  4604 | D:4      | Found a burning altar of Makhleb.
  4633 | D:5      | Entered Level 5 of the Dungeon
  4762 | D:5      | Reached skill level 10 in Bows
  4908 | D:5      | Found Jenaxoup's Food Shoppe.
  6064 | D:6      | Reached skill level 11 in Bows
  6275 | D:6      | Reached XP level 8. HP: 66/66 MP: 8/8
  6510 | D:6      | Found a staircase to the Ecumenical Temple.
  6775 | D:6      | Reached skill level 1 in Stealth
  6879 | Temple   | Entered the Ecumenical Temple
  7014 | Temple   | Became a worshipper of the Shining One
  7151 | D:6      | Slain by a killer bee

Skill      XL: |  1  2  3  4  5  6  7  8 |
---------------+-------------------------+-----
Bows           | 6 7 8 9 11 | 11.4
Fighting       | 3 4 |  4.2
Armour         | 1 |  1.9
Dodging        | 2 |  2.0
Stealth        | 1 |  1.0
Axes           | |  0.3
Throwing       | |  0.7

Action                   |  1- 3 |  4- 6 |  7- 9 || total
-------------------------+-------+-------+-------++-------
Melee: Hand axe          |       |     2 |       ||     2
 Fire: Shortbow          |    82 |   169 |   175 ||   426
Throw: Tomahawk          |       |     5 |       ||     5
  Use: Scroll            |       |     2 |     5 ||     7
       Potion            |       |       |     1 ||     1
  Eat: Chunk             |     1 |     1 |     4 ||     6
       Bread ration      |       |     1 |     1 ||     2
Armor: Ring mail         |    12 |    18 |    27 ||    57
       Leather armour    |     1 |       |       ||     1
       Chain mail        |       |    12 |       ||    12
Dodge: Dodged            |    17 |    27 |    26 ||    70
Block: Other             |     1 |     7 |     7 ||    15
       Reflection        |       |     1 |       ||     1
